1932 views
Uploaded 2022-12-31 14:40:05
Game version 1.32.10
18:53 long 2on2 ladder game on (4)SynergyBigPaved
Saved by DKnight
1932 views
Uploaded 2022-12-31 14:40:05
Game version 1.32.10
18:53 long 2on2 ladder game on (4)SynergyBigPaved


70 units @ 10.8k
/ 1.8k
28 buildings @ 4.5k
/ 1.7k


| Rod of Necromancy | 3 | 450 |
| Potion of Healing | 1 | 150 |
| Orb of Corruption | 1 | 375 |
| Lesser Clarity Potion | 2 | 140 |
| Scroll of Town Portal | 1 | 350 |
| Scroll of Healing | 1 | 250 |
| Potion of Lesser Invulnerability | 1 | 150 |
| total: | 10 | 1865g |
| Acolyte | 5 | 375 | / | 0 |
| Ghoul | 2 | 240 | / | 0 |
| Crypt Fiend | 8 | 1720 | / | 320 |
| Obsidian Statue | 6 | 1200 | / | 210 |
| Abomination | 6 | 1440 | / | 420 |
| total: | 27 | 4975g | / | 950w |
| Nerubian Tower | 1 | 100 | / | 20 |
| Altar of Darkness | 1 | 180 | / | 50 |
| Crypt | 1 | 200 | / | 50 |
| Ziggurat | 7 | 1050 | / | 350 |
| Tomb of Relics | 1 | 130 | / | 30 |
| Graveyard | 1 | 215 | / | 0 |
| Slaughterhouse | 1 | 140 | / | 135 |
| Halls of the Dead | 1 | 320 | / | 210 |
| Black Citadel | 1 | 325 | / | 230 |
| total: | 12 | 1915g | / | 615w |
| 0:03 | Acolyte |
| 0:03 | Acolyte |
| 0:05 | Altar of Darkness |
| 0:09 | Crypt |
| 0:27 | Ziggurat |
| 0:37 | Acolyte |
| 0:53 | Acolyte |
| 1:10 | Tomb of Relics |
| 1:13 | Ghoul |
| 1:34 | Graveyard |
| 1:44 | Ghoul |
| 2:04 | Ziggurat |
| 2:15 | Rod of Necromancy |
| 2:16 | Death Coil |
| 2:59 | Halls of the Dead |
| 3:08 | Crypt Fiend |
| 3:18 | Nerubian Tower |
| 3:39 | Crypt Fiend |
| 4:05 | Unholy Aura |
| 4:11 | Crypt Fiend |
| 4:58 | Crypt Fiend |
| 5:14 | Crypt Fiend |
| 5:38 | Slaughterhouse |
| 5:40 | Ziggurat |
| 6:20 | Black Citadel |
| 6:22 | Rod of Necromancy |
| 6:23 | Potion of Healing |
| 6:33 | Crypt Fiend |
| 6:35 | Ziggurat |
| 6:45 | Death Coil |
| 6:56 | Obsidian Statue |
| 7:21 | Potion of Lesser Invulnerability |
| 8:25 | Crypt Fiend |
| 8:46 | Crypt Fiend |
| 8:54 | Frost Nova |
| 8:57 | Rod of Necromancy |
| 9:09 | Obsidian Statue |
| 9:20 | Orb of Corruption |
| 9:55 | Obsidian Statue |
| 9:56 | Destroyer Form |
| 10:07 | Death Pact |
| 10:28 | Abomination |
| 11:05 | Ziggurat |
| 11:24 | Abomination |
| 11:29 | Frost Armor |
| 12:08 | Abomination |
| 12:37 | Obsidian Statue |
| 13:15 | Obsidian Statue |
| 13:41 | Disease Cloud |
| 13:48 | Obsidian Statue |
| 13:53 | Scroll of Town Portal |
| 13:57 | Scroll of Healing |
| 14:02 | Frost Nova |
| 14:32 | Lesser Clarity Potion |
| 14:34 | Lesser Clarity Potion |
| 14:43 | Ziggurat |
| 14:47 | Unholy Armor |
| 15:12 | Death Coil |
| 15:50 | Improved Unholy Armor |
| 15:54 | Abomination |
| 15:56 | Ziggurat |
| 16:06 | Acolyte |
| 17:11 | Abomination |
| 17:50 | Abomination |
| 18:14 | Frost Armor |
| Right click | 996 |
| Select group | 973 |
| Select | 342 |
| Misc. action | 99 |
| Build/train/purchase | 91 |
| Use ability | 60 |
| Assign group | 36 |
| Chat | 11 |
| Item give/drop | 4 |
| Remove unit | 2 |

| Healing Salve | 5 | 500 |
| Lesser Clarity Potion | 5 | 350 |
| Orb of Lightning | 1 | 375 |
| Potion of Healing | 1 | 150 |
| Scroll of Town Portal | 1 | 350 |
| total: | 13 | 1725g |
| Peon | 12 | 900 | / | 0 |
| Troll Headhunter | 16 | 2240 | / | 320 |
| Troll Witch Doctor | 6 | 870 | / | 150 |
| Troll Berserker | 5 | 700 | / | 100 |
| Demolisher | 2 | 440 | / | 100 |
| Kodo Beast | 1 | 255 | / | 60 |
| Goblin Shredder | 1 | 375 | / | 100 |
| total: | 43 | 5780g | / | 830w |
| Watch Tower | 3 | 330 | / | 240 |
| Altar of Storms | 1 | 180 | / | 50 |
| Orc Burrow | 5 | 800 | / | 200 |
| War Mill | 1 | 205 | / | 0 |
| Barracks | 1 | 180 | / | 50 |
| Voodoo Lounge | 2 | 260 | / | 60 |
| Great Hall | 1 | 385 | / | 185 |
| Spirit Lodge | 1 | 150 | / | 150 |
| Beastiary | 1 | 145 | / | 140 |
| Stronghold | 1 | 315 | / | 190 |
| Fortress | 1 | 325 | / | 190 |
| total: | 16 | 2635g | / | 1075w |
| 0:02 | Peon |
| 0:02 | Peon |
| 0:02 | Peon |
| 0:06 | Altar of Storms |
| 0:19 | Orc Burrow |
| 0:37 | War Mill |
| 0:59 | Barracks |
| 1:08 | Peon |
| 1:17 | Peon |
| 1:30 | Peon |
| 1:43 | Voodoo Lounge |
| 1:47 | Peon |
| 2:05 | Troll Headhunter |
| 2:17 | War Stomp |
| 2:20 | Orc Burrow |
| 2:34 | Troll Headhunter |
| 2:41 | Watch Tower |
| 3:03 | Healing Salve |
| 3:04 | Lesser Clarity Potion |
| 3:44 | Stronghold |
| 3:45 | Troll Headhunter |
| 4:07 | Endurance Aura |
| 4:16 | Troll Headhunter |
| 4:19 | Orc Burrow |
| 5:15 | Troll Headhunter |
| 5:15 | Troll Headhunter |
| 5:20 | Steel Ranged Weapons |
| 5:23 | Healing Salve |
| 5:23 | Lesser Clarity Potion |
| 5:28 | Healing Salve |
| 5:28 | Lesser Clarity Potion |
| 6:01 | Troll Headhunter |
| 6:01 | Troll Headhunter |
| 6:13 | Great Hall |
| 6:22 | Reinforced Defenses |
| 6:25 | Peon |
| 6:49 | Watch Tower |
| 6:49 | Watch Tower |
| 7:07 | Endurance Aura |
| 7:20 | Peon |
| 7:22 | Troll Headhunter |
| 7:26 | Spirit Lodge |
| 8:02 | Troll Headhunter |
| 8:03 | Troll Headhunter |
| 8:45 | War Stomp |
| 9:06 | Peon |
| 9:06 | Peon |
| 9:06 | Peon |
| 9:25 | Fortress |
| 9:26 | Troll Witch Doctor |
| 9:27 | Witch Doctor Adept Training |
| 9:27 | Troll Witch Doctor |
| 9:36 | Voodoo Lounge |
| 9:45 | Troll Witch Doctor |
| 9:48 | Troll Regeneration |
| 10:06 | Goblin Shredder |
| 10:21 | Troll Headhunter |
| 10:57 | Troll Witch Doctor |
| 10:58 | Troll Headhunter |
| 11:01 | Orc Burrow |
| 11:56 | Berserker Upgrade |
| 11:56 | Troll Headhunter |
| 11:57 | Troll Headhunter |
| 12:02 | Witch Doctor Master Training |
| 12:05 | Scroll of Town Portal |
| 12:06 | Lesser Clarity Potion |
| 12:10 | Healing Salve |
| 12:28 | Troll Headhunter |
| 12:48 | Orb of Lightning |
| 12:50 | Endurance Aura |
| 13:16 | Lesser Clarity Potion |
| 13:18 | Healing Salve |
| 13:24 | Troll Berserker |
| 13:24 | Troll Berserker |
| 13:25 | Troll Witch Doctor |
| 13:25 | Troll Witch Doctor |
| 13:39 | Beastiary |
| 13:46 | Potion of Healing |
| 14:02 | Troll Berserker |
| 14:02 | Troll Berserker |
| 14:05 | Steel Armor |
| 14:05 | Thorium Ranged Weapons |
| 14:17 | Troll Berserker |
| 15:06 | Demolisher |
| 15:07 | Burning Oil |
| 15:07 | Demolisher |
| 15:48 | War Drums Damage Increase |
| 15:49 | Kodo Beast |
| 15:52 | Orc Burrow |
| 15:55 | Thorium Armor |
| 15:56 | Spiked Barricades |
| 17:14 | Arcanite Ranged Weapons |
| 18:07 | Reincarnation |
| Right click | 671 |
| Select group | 420 |
| Select | 239 |
| Build/train/purchase | 124 |
| Assign group | 96 |
| Use ability | 42 |
| Chat | 24 |
| Resource trade | 17 |
| Minimap ping | 10 |
| Misc. action | 3 |
| Item give/drop | 1 |
82 units @ 10.2k
/ 0.9k
26 buildings @ 4.2k
/ 1.4k



| Rod of Necromancy | 2 | 300 |
| Ritual Dagger | 1 | 125 |
| Sacrificial Skull | 1 | 50 |
| Lesser Clarity Potion | 2 | 140 |
| Potion of Healing | 2 | 300 |
| Potion of Mana | 1 | 200 |
| Orb of Corruption | 1 | 375 |
| Scroll of Town Portal | 2 | 700 |
| Scroll of Healing | 2 | 500 |
| Healing Salve | 1 | 100 |
| Scroll of Speed | 1 | 50 |
| Claws of Attack +12 | 1 | 500 |
| total: | 17 | 3340g |
| Acolyte | 12 | 900 | / | 0 |
| Ghoul | 25 | 3000 | / | 0 |
| Obsidian Statue | 5 | 1000 | / | 175 |
| Goblin Shredder | 1 | 375 | / | 100 |
| total: | 43 | 5275g | / | 275w |
| Nerubian Tower | 2 | 200 | / | 40 |
| Spirit Tower | 2 | 290 | / | 80 |
| Crypt | 1 | 200 | / | 50 |
| Altar of Darkness | 1 | 180 | / | 50 |
| Ziggurat | 6 | 900 | / | 300 |
| Tomb of Relics | 1 | 130 | / | 30 |
| Graveyard | 1 | 215 | / | 0 |
| Slaughterhouse | 3 | 420 | / | 405 |
| Halls of the Dead | 1 | 320 | / | 210 |
| Black Citadel | 1 | 325 | / | 230 |
| total: | 13 | 2045g | / | 835w |
| 0:04 | Acolyte |
| 0:09 | Crypt |
| 0:11 | Altar of Darkness |
| 0:25 | Ziggurat |
| 0:34 | Acolyte |
| 0:34 | Acolyte |
| 0:34 | Acolyte |
| 0:51 | Tomb of Relics |
| 1:11 | Ghoul |
| 1:18 | Nerubian Tower |
| 1:31 | Ghoul |
| 1:48 | Ghoul |
| 2:06 | Ghoul |
| 2:12 | Rod of Necromancy |
| 2:15 | Death Coil |
| 2:24 | Ritual Dagger |
| 2:25 | Sacrificial Skull |
| 2:32 | Ziggurat |
| 2:45 | Ziggurat |
| 3:34 | Ghoul |
| 3:35 | Acolyte |
| 3:43 | Ghoul |
| 4:11 | Unholy Aura |
| 4:12 | Ghoul |
| 4:15 | Nerubian Tower |
| 4:17 | Acolyte |
| 5:04 | Acolyte |
| 5:05 | Acolyte |
| 5:05 | Acolyte |
| 5:05 | Acolyte |
| 6:02 | Halls of the Dead |
| 6:20 | Ghoul |
| 6:20 | Ghoul |
| 6:24 | Graveyard |
| 6:46 | Ghoul |
| 7:06 | Ghoul |
| 7:32 | Ghoul |
| 7:40 | Rod of Necromancy |
| 7:59 | Ghoul |
| 8:03 | Ziggurat |
| 8:44 | Death Coil |
| 8:54 | Black Citadel |
| 9:21 | Ghoul |
| 9:21 | Ghoul |
| 9:26 | Healing Salve |
| 9:54 | Goblin Shredder |
| 10:04 | Ghoul |
| 10:15 | Scroll of Town Portal |
| 10:16 | Lesser Clarity Potion |
| 10:20 | Scroll of Speed |
| 10:26 | Frost Nova |
| 10:27 | Ghoul |
| 10:28 | Ghoul |
| 10:35 | Ziggurat |
| 11:21 | Ghoul |
| 12:03 | Slaughterhouse |
| 12:08 | Slaughterhouse |
| 12:09 | Slaughterhouse |
| 12:25 | Ghoul Frenzy |
| 12:43 | Impale |
| 13:10 | Obsidian Statue |
| 13:12 | Obsidian Statue |
| 13:13 | Ghoul |
| 13:13 | Ghoul |
| 13:13 | Ghoul |
| 13:55 | Scroll of Town Portal |
| 13:56 | Potion of Healing |
| 13:58 | Lesser Clarity Potion |
| 14:01 | Potion of Mana |
| 14:04 | Potion of Healing |
| 14:11 | Obsidian Statue |
| 14:12 | Destroyer Form |
| 14:15 | Ghoul |
| 14:15 | Ghoul |
| 14:21 | Orb of Corruption |
| 14:22 | Scroll of Healing |
| 14:30 | Scroll of Healing |
| 14:38 | Obsidian Statue |
| 14:46 | Acolyte |
| 14:49 | Spirit Tower |
| 14:50 | Spirit Tower |
| 15:12 | Ghoul |
| 15:16 | Unholy Strength |
| 16:09 | Claws of Attack +12 |
| 16:21 | Ziggurat |
| 16:44 | Frost Armor |
| 16:58 | Acolyte |
| 17:34 | Spiked Carapace |
| 18:16 | Obsidian Statue |
| Right click | 574 |
| Select | 274 |
| Select group | 189 |
| Build/train/purchase | 102 |
| Use ability | 39 |
| Misc. action | 33 |
| Resource trade | 31 |
| Assign group | 23 |
| Minimap ping | 7 |
| Item give/drop | 2 |
| Esc | 1 |


| Lesser Clarity Potion | 6 | 420 |
| Healing Salve | 2 | 200 |
| Scroll of Town Portal | 2 | 700 |
| total: | 10 | 1320g |
| Peon | 7 | 525 | / | 0 |
| Troll Headhunter | 17 | 2380 | / | 340 |
| Shaman | 7 | 910 | / | 140 |
| Troll Berserker | 8 | 1120 | / | 160 |
| total: | 39 | 4935g | / | 640w |
| Altar of Storms | 1 | 180 | / | 50 |
| Orc Burrow | 7 | 1120 | / | 280 |
| War Mill | 1 | 205 | / | 0 |
| Barracks | 2 | 360 | / | 100 |
| Voodoo Lounge | 1 | 130 | / | 30 |
| Spirit Lodge | 1 | 150 | / | 150 |
| Stronghold | 1 | 315 | / | 190 |
| Fortress | 1 | 325 | / | 190 |
| total: | 13 | 2145g | / | 610w |
| 0:03 | Peon |
| 0:03 | Peon |
| 0:06 | Altar of Storms |
| 0:19 | Orc Burrow |
| 0:32 | Peon |
| 0:37 | War Mill |
| 0:47 | Peon |
| 1:06 | Barracks |
| 1:13 | Peon |
| 1:23 | Peon |
| 1:43 | Orc Burrow |
| 1:46 | Peon |
| 2:08 | Troll Headhunter |
| 2:11 | Feral Spirit |
| 2:22 | Voodoo Lounge |
| 2:25 | Troll Headhunter |
| 2:52 | Troll Headhunter |
| 2:54 | Troll Headhunter |
| 3:23 | Stronghold |
| 3:44 | Chain Lighting |
| 3:57 | Troll Headhunter |
| 3:57 | Troll Headhunter |
| 4:16 | Orc Burrow |
| 4:18 | Steel Ranged Weapons |
| 5:22 | Troll Headhunter |
| 5:42 | Troll Headhunter |
| 5:51 | Lesser Clarity Potion |
| 5:51 | Lesser Clarity Potion |
| 5:59 | Spirit Lodge |
| 6:36 | Thorium Ranged Weapons |
| 6:41 | Troll Headhunter |
| 6:50 | Fortress |
| 6:55 | Shockwave |
| 7:16 | Troll Headhunter |
| 7:18 | Shaman Adept Training |
| 7:21 | Orc Burrow |
| 7:25 | Orc Burrow |
| 7:35 | Troll Headhunter |
| 8:47 | Feral Spirit |
| 9:09 | Troll Headhunter |
| 9:09 | Troll Headhunter |
| 9:10 | Shaman |
| 9:12 | Shaman Master Training |
| 9:14 | Barracks |
| 9:22 | Lesser Clarity Potion |
| 9:22 | Lesser Clarity Potion |
| 9:26 | Healing Salve |
| 9:55 | Berserker Upgrade |
| 10:18 | Troll Headhunter |
| 10:23 | Scroll of Town Portal |
| 10:26 | Shaman |
| 10:26 | Shaman |
| 10:28 | Troll Headhunter |
| 10:28 | Troll Headhunter |
| 10:29 | Troll Headhunter |
| 10:57 | Troll Berserker |
| 12:06 | Troll Berserker |
| 12:07 | Shaman |
| 13:01 | Endurance Aura |
| 13:01 | Endurance Aura |
| 13:12 | Troll Berserker |
| 13:14 | Shaman |
| 13:18 | Orc Burrow |
| 13:30 | Arcanite Ranged Weapons |
| 13:35 | Troll Berserker |
| 13:37 | Troll Regeneration |
| 13:53 | Endurance Aura |
| 13:57 | Troll Berserker |
| 13:59 | Healing Salve |
| 14:00 | Lesser Clarity Potion |
| 14:17 | Shaman |
| 14:31 | Troll Berserker |
| 14:33 | Shaman |
| 14:52 | Lesser Clarity Potion |
| 15:01 | Scroll of Town Portal |
| 15:21 | Troll Berserker |
| 15:51 | Troll Berserker |
| 16:19 | Orc Burrow |
| 17:41 | Chain Lighting |
| 17:51 | Endurance Aura |
| Right click | 800 |
| Select | 314 |
| Select group | 275 |
| Build/train/purchase | 107 |
| Assign group | 48 |
| Misc. action | 48 |
| Use ability | 25 |
| Resource trade | 4 |
| Item give/drop | 3 |
| Esc | 1 |